[Event "AUT Bundesliga 2024-25"]
[Site "Austria"]
[Date "2025.04.05"]
[Round "10.33"]
[White "Gschiel, Alexander"]
[Black "Esipenko, Andrey"]
[Result "0-1"]
[Annotator "TA"]
[ECO "E15"]
[WhiteElo "2317"]
[BlackElo "2696"]
[PlyCount "86"]
[EventDate "2024.08.28"]
[EventType "team-tourn"]
[EventCountry "AUT"]
[SourceTitle "playchess.com"]
[Source "ChessBase"]
[SourceQuality "1"]
[TimeControl "40/5400+30:1800+30"]

1. d4 Nf6 2. c4 e6 3. Nf3 b6 4. g3 Ba6 5. b3 Bb4+ 6. Bd2 Be7 7. Bg2 d5 8. cxd5 exd5 9. O-O O-O 10. Nc3 Nbd7 11. Ne5 Bb7 $1 12. Bf4 {[%emt 0:04:26] E15: Queen's Indian: 4 g3 sidelines, 4 g3 Ba6 and 4 g3 Bb7 early deviations.} Re8 {[%emt 0:00:12] 12...c6 is vanishing.} 13. Rc1 Nf8 14. Nb5 {[%emt 0:05:45] The position is equal. The modern move.} c5 15. dxc5 {[%emt 0:13:33] 15.Bh3 is vanishing.} bxc5 16. Nc4 Ne6 {[%emt 0:01:37] [#] Prevents Nc7} 17. Nbd6 Nxf4 18. Nxb7 Qc7 19. gxf4 Qxb7 20. Ne3 $146 (20. e3 Rad8 21. Ne5 Bd6 22. Qc2 Qc7 23. Rfd1 h6 24. h3 Rc8 25. Bxd5 Bxe5 26. fxe5 Nxd5 27. Rxd5 Rxe5 {0-1 Parligras,M (2561)-Nguyen,T (2618) FIDE Grand Swiss 2023 (10)}) 20... Rad8 21. Qd3 Qd7 22. Rfd1 d4 23. Nf5 Bf8 24. Ng3 Qd6 25. Qf3 Qe6 26. Rd2 Qb6 27. Rdc2 Qb8 28. Bf1 Nd5 29. f5 Qb6 30. Ne4 Nb4 31. Rd2 Qh6 32. Rcd1 {[%emt 0:00:04] White is weak on the dark squares} Re5 33. Ng3 Rde8 {[%emt 0:00:58] Black is much more active.} 34. Qb7 {[%emt 0:01:58] [#]} Nd5 $1 $36 {[%emt 0:01:34][%mdl 2048] Keeping White busy.} 35. Rc2 Nf4 ({Better is} 35... Nc3 $17 36. Rd3 Nd5) 36. Qxa7 $2 {[%emt 0:02:13] Loses the game.} ({White should try} 36. b4 $15) 36... Qg5 $19 37. Qb7 (37. b4 $142 h5 (37... Rxf5 38. bxc5 Rxc5 39. Rxc5 $11) (37... cxb4 38. Qxd4 Rd5 39. Qa1 $11) 38. bxc5) 37... h5 (37... Rxf5 $2 38. Kh1 Rfe5 39. Qf3 $17) (37... Nxe2+ 38. Bxe2 Rxe2 39. Rxe2 Rxe2 40. a4 $19) 38. h4 (38. b4 $142 h4 (38... Rxf5 $2 39. Kh1 $19) (38... Nxe2+ 39. Rxe2 Rxe2 40. Bxe2 $17) (38... cxb4 $2 39. Rxd4 h4 40. e3 $19) 39. bxc5) 38... Qxh4 (38... Nxe2+ $2 {perishes.} 39. Rxe2 Qf6 40. Rxe5 (40. Nxh5 Qxf5 41. Rxe5 Rxe5 $18) 40... Rxe5 41. Bc4 $18 (41. Nxh5 Qxh4 42. Qf3 Bd6 $18)) 39. Qf3 Qg5 {[%emt 0:00:11][%cal Oh5h4] Strongly threatening ...h4!. Against e4} 40. Kh2 h4 41. Nh1 Bd6 42. Qc6 Bb8 43. Rxc5 Nxe2 {[%emt 0:00:00] Weighted Error Value: White=0.80/Black=0.04 (flawless)   Loses game:     	White=1     	---        Mistake:       	White=2     	Black=1      Inaccurate:     	White=2     	---        OK:         	White=11    	Black=14     Best:        	---       	Black=4      Strong:       	---       	Black=1} 0-1

[Event "AUT Bundesliga 2024-25"]
[Site "Austria"]
[Date "2025.04.05"]
[Round "10.34"]
[White "Shimanov, Aleksandr"]
[Black "Rubil, Marko"]
[Result "1-0"]
[Annotator "RC"]
[ECO "C54"]
[WhiteElo "2578"]
[BlackElo "2276"]
[PlyCount "61"]
[EventDate "2024.08.28"]
[EventType "team-tourn"]
[EventCountry "AUT"]
[SourceTitle "playchess.com"]
[Source "ChessBase"]
[SourceQuality "1"]
[TimeControl "40/5400+30:1800+30"]

1. e4 e5 2. Nf3 Nc6 3. Bc4 Bc5 4. c3 Nf6 5. d3 a6 6. O-O d6 7. a4 Ba7 8. Re1 h6 9. Nbd2 O-O 10. h3 Ne7 11. d4 Ng6 12. Bd3 Nh5 13. Nf1 Nhf4 14. Bc2 Qf6 15. Be3 Rd8 16. Ng3 h5 17. Nxh5 Nxh5 18. Bg5 Qe6 19. Bxd8 Nhf4 20. Nh2 Nxg2 21. Kxg2 Nf4+ 22. Kh1 Qxh3 23. Rg1 exd4 24. Bf6 d3 25. Rxg7+ Kf8 26. Qg1 Ke8 27. Rxf7 Bg4 28. Qxg4 Qxg4 29. Re7+ Kf8 30. Nxg4 dxc2 31. Rc1 1-0

[Event "AUT Bundesliga 2024-25"]
[Site "Austria"]
[Date "2025.04.05"]
[Round "10.35"]
[White "Lovrinovic, Christian"]
[Black "Bacrot, Etienne"]
[Result "*"]
[Annotator "TA"]
[ECO "E20"]
[WhiteElo "2062"]
[BlackElo "2633"]
[PlyCount "57"]
[EventDate "2024.08.28"]
[EventType "team-tourn"]
[EventCountry "AUT"]
[SourceTitle "playchess.com"]
[Source "ChessBase"]
[SourceQuality "1"]
[TimeControl "40/5400+30:1800+30"]

1. d4 Nf6 2. c4 e6 3. Nc3 Bb4 4. g3 O-O 5. Bg2 d5 6. a3 {[%emt 0:00:13] E20: Nimzo-Indian: 4 g3 and 4 f3.} Bxc3+ {[%emt 0:02:40] The main line 6...Bxc3+ scores better than 6...Be7.} 7. bxc3 dxc4 8. Qa4 {[%emt 0:00:06] The position is equal.} Bd7 9. Qxc4 Bc6 10. f3 Qd7 11. e4 Bb5 12. Qa2 Qc6 $146 (12... c5 13. a4 Ba6 14. Ba3 b6 15. dxc5 Rc8 16. Ne2 Qxa4 17. cxb6 axb6 18. Bb4 Qxa2 19. Rxa2 {0-1 Stupak,K (2541)-Volokitin,A (2639) EU-ch 19th Batumi 2018 (3)}) 13. a4 Bc4 (13... Qxc3+ $2 14. Bd2 Qxd4 15. axb5 $18) 14. Qd2 Qa6 15. Ne2 c5 16. Ba3 Nbd7 17. Kf2 Rfd8 18. Qe3 (18. Rhd1 {is more complex.} Ne5 19. Nf4 b6 20. Qc2) 18... Rac8 19. Rhe1 b6 (19... Qxa4 $6 20. Bxc5 Qc6 21. Bb4 $14 (21. Bxa7 b6 $11)) 20. Kg1 Qa5 21. Bb2 Nb8 22. g4 Nc6 23. Ng3 Rc7 {[%emt 0:02:45] [#]} (23... Ba6 $11) 24. g5 ({White has to play} 24. d5 $1 $16 ) 24... Ne8 $1 $11 25. f4 {[%emt 0:52:32][%cal Od4d5] Hoping for d5!.} cxd4 (25... Qa6 $1 $11) 26. cxd4 $14 Qb4 27. Bc3 Qf8 28. Rab1 {[%emt 0:01:28] Repels Nb4} ({Reject} 28. d5 exd5 29. exd5 Re7 $11) 28... Rcd7 {[%emt 0:02:47] Mistake:       	White=1     	Black=3      Inaccurate:     	White=3     	Black=2      OK:         	White=13    	Black=12     Strong:       	---       	Black=1} ({Black should try} 28... Ba2 $14) 29. Red1 {[%emt 0:01:15] Weighted Error Value: White=0.12 (very precise) /Black=0.17 (very precise)} *

[Event "AUT Bundesliga 2024-25"]
[Site "Austria"]
[Date "2025.04.05"]
[Round "10.36"]
[White "Balogh, Csaba"]
[Black "Karelina, Polina"]
[Result "*"]
[Annotator "TA"]
[ECO "B07"]
[WhiteElo "2542"]
[BlackElo "1903"]
[PlyCount "38"]
[EventDate "2024.08.28"]
[EventType "team-tourn"]
[EventCountry "AUT"]
[SourceTitle "playchess.com"]
[Source "ChessBase"]
[SourceQuality "1"]
[TimeControl "40/5400+30:1800+30"]

1. e4 d6 2. d4 Nf6 3. Nc3 g6 4. Bg5 c6 5. f4 b5 6. a3 {[%emt 0:02:11] B07: Pirc Defence: Miscellaneous Systems.} Bg7 7. Nf3 a6 8. Bd3 {[%emt 0:01:18] White is better.} Nbd7 $146 (8... Be6 9. O-O Bc4 10. Kh1 Bxd3 11. Qxd3 Nbd7 12. e5 dxe5 13. fxe5 Ng4 14. h3 Nh6 15. Qe4 O-O 16. Qxc6 {1-0 Baragano Campa,D (1993)-Zabala Perez,A Benidorm U16 op 2006 (2)}) 9. e5 dxe5 10. fxe5 ({Don't do} 10. dxe5 $6 Nd5 $14) 10... Nd5 11. Nxd5 cxd5 12. O-O {[%emt 0:09:43] White is more active.} Qb6 {[%emt 0:08:35] Black is weak on the dark squares} 13. Kh1 Nf8 {[%emt 0:03:47] [#]} 14. a4 $1 {[%emt 0:02:03][%cal Ba3a4,Ba4a5][%mdl 32] Strongly threatening axb5.} b4 15. a5 Qa7 16. Bd2 Bg4 (16... Ne6 $16 {was worth a try.} 17. Bxb4 Nf4) 17. h3 h5 18. Bxb4 (18. hxg4 hxg4+ 19. Kg1 (19. Nh2 Bxe5 20. Bf4 Bxf4 $15) 19... gxf3 $17) 18... Ne6 19. c3 {[%emt 0:01:14] Mistake:       	---       	Black=1      Inaccurate:     	---       	Black=3      OK:         	White=8     	Black=4      Best:        	White=1     	---} (19. hxg4 hxg4+ 20. Kg1 (20. Nh2 $2 g3 $19) 20... gxf3 $19 (20... Nxd4 $2 21. Nxd4 Qxd4+ 22. Rf2 $19)) 19... Qd7 {[%emt 0:03:50] Weighted Error Value: White=0.06 (flawless) /Black=0.24 (precise)} *